cohdb
Replays
Latest Replays
All Replays
Popular Replays
Top Player Replays
Match Explorer
How It Works
Community
CoH3 Stats
Reddit
Sign in to upload your games and track your stats! →
Sign in with Steam
Match 28174831
Unlisted
Match 28174831
Overview
Messages
Build Orders
End
Construct Infanterie Kompanie
MG 42 Machine Gun Team
Grenadier Squad
GrW 34 Mortar Team
Construct Panzergrenadier Kompanie
Panzergrenadier Squad
251 Medium Carrier
Construct Luftwaffe Kompanie
Jäger Squad
Jäger Squad
Panzergrenadier Officer Quarters
221 Scout Car
Luftwaffe Officer Quarters
Infanterie Officer Quarters
Nexsos
Ms
许聪聪
PanzerVD
seb
dinamix.fr
【强盛集团】高启盛
彬纸-Millet Plus Rifle
0
0
Comments
sign in to comment!
No comments posted yet!